 Dungeon Crawl Stone Soup version 0.30.0 (webtiles) character file.

Game seed: 15998787531455503651

30 Firecrotchwizard the Chopper (level 3, -8/33 HPs)
             Began as a Minotaur Berserker on May 6, 2023.
             Was a Follower of Trog.
             Mangled by a gnoll
             ... wielding a +0 halberd
              (9 damage)
             ... on level 2 of the Dungeon.
             The game lasted 00:01:56 (878 turns).

Firecrotchwizard the Chopper (Minotaur Berserker)    Turns: 878, Time: 00:01:56

Health: -8/33      AC:  5    Str: 21    XL:     3   Next: 5%
Magic:  2/2        EV: 16    Int:  6    God:    Trog [*.....]
Gold:   99         SH:  0    Dex:  9    Spells: 2/2 levels left

rFire   . . .        a - +0 hand axe
rCold   . . .        (no shield)
rNeg    . . .        k - +0 ring mail
rPois   +            (helmet restricted)
rElec   .            (no cloak)
rCorr   .            (no gloves)
SInv    .            (no boots)
Will    .....        (no amulet) Stlth
                     h - +5 ring of evasion
HPRegen 0.25/turn    j - ring of poison resistance
MPRegen 0.08/turn

%: no passive effects
@: no status effects
A: horns 2, retaliatory headbutt
a: Renounce Religion, Berserk


You were on level 2 of the Dungeon.
You worshipped Trog.
Trog was aware of your devotion.
You visited 1 branch of the dungeon, and saw 2 of its levels.

You collected 99 gold pieces.

Inventory:

Hand Weapons
 a - a +0 hand axe (weapon)
Armour
 b - a +0 animal skin
 k - a +0 ring mail (worn)
 l - a +0 plate armour
Jewellery
 h - a +5 ring of evasion (left hand)
 j - a ring of poison resistance (right hand)
Scrolls
 c - 3 scrolls of identify {unknown}
 f - 2 scrolls of vulnerability {unknown}
Potions
 d - a potion of heal wounds {unknown}
 e - 2 potions of cancellation {unknown}
 g - a potion of invisibility {unknown}
 i - 2 potions of brilliance {unknown}


   Skills:
 + Level 4.1 Fighting
 * Level 4.7 Axes
 - Level 2.4 Armour
 - Level 2.1 Dodging


You had 2 spell levels left.
You didn't know any spells.
Your spell library was empty.

Dungeon Overview and Level Annotations

Branches:
Dungeon (2/15)

Altars:


Innate Abilities, Weirdness & Mutations

You have a pair of horns on your head.
You reflexively headbutt those who attack you in melee.


Message History

A hobgoblin comes into view.
The hobgoblin shouts!
You slash the kobold!
You kill the kobold!
Trog accepts your kill.
You have reached level 3!
Your experience leads to an increase in your attributes!
Increase (s)trength, (i)ntelligence, or (d)exterity?
You feel clever. x2
A kobold comes into view. It is wielding a +0 short sword.
You see here a +0 short sword.
The kobold shouts!
The hobgoblin closely misses you.
You slash the hobgoblin!
You kill the hobgoblin!
Trog accepts your kill. The kobold misses you.
Things that are here:
a +0 ring mail; a hobgoblin corpse You hit the kobold.
The kobold is moderately wounded.
The kobold barely misses you.
You hit the kobold but do no damage.
The kobold is moderately wounded.
The kobold hits you but does no damage. The kobold misses you.
You hit the kobold.
You kill the kobold!
Trog accepts your kill.
Things that are here:
a +0 short sword; a kobold corpse
Things that are here:
a +0 ring mail; a hobgoblin corpse
k - a +0 ring mail You start removing your armour.
You continue taking off your +0 animal skin. x4
You finish taking off your +0 animal skin.
You start putting on your armour.
You continue putting on your +0 ring mail. x5
You finish putting on your +0 ring mail.
Search for what [? for help]? arm
Found 8 gold pieces.
A gnoll comes into view. It is wielding a +2 spear of flaming.
You see here a +0 plate armour.
l - a +0 plate armour The gnoll shouts!
You see here 2 atropa-tipped darts.
m - 2 atropa-tipped darts Throw: 2 darts (atropa)
Press: ? - help, Shift-Dir - straight line, f - gnoll
Aim: a gnoll, wielding a +2 spear of flaming (60% to hit, chance to blind on hit: 100%)
You throw an atropa-tipped dart.
The atropa-tipped dart barely misses the gnoll.
Throw: dart (atropa)
Press: ? - help, Shift-Dir - straight line, f/p - gnoll
Aim: a gnoll, wielding a +2 spear of flaming (60% to hit, chance to blind on hit: 100%)
You throw an atropa-tipped dart. The atropa-tipped dart hits the gnoll.
The gnoll appears confused.
The gnoll seems less confused.
You barely miss the gnoll. The gnoll closely misses you.
You barely miss the gnoll.
The gnoll hits you with a +2 spear of flaming!
The gnoll burns you.
You catch the helpless gnoll completely off-guard!
You hit the gnoll.
The gnoll is lightly wounded.
The gnoll is no longer blind.
The gnoll hits you with a +2 spear of flaming.
The gnoll burns you.
* * * LOW HITPOINT WARNING * * *
You closely miss the gnoll.
The gnoll is lightly wounded.
The gnoll completely misses you.
You barely miss the gnoll.
The gnoll is lightly wounded.
The gnoll hits you with a +2 spear of flaming.
* * * LOW HITPOINT WARNING * * *
The gnoll burns you.
* * * LOW HITPOINT WARNING * * *
You completely miss the gnoll. Your headbutt misses the gnoll.
The gnoll is lightly wounded.
A gnoll comes into view. It is wielding a +0 halberd.
The gnoll closely misses you.
The gnoll shouts!
You hit the gnoll. Your headbutt misses the gnoll.
The gnoll is moderately wounded.
You hear a shout!
The gnoll closely misses you.
The gnoll hits you with a +2 spear of flaming.
* * * LOW HITPOINT WARNING * * *
The gnoll burns you.
* * * LOW HITPOINT WARNING * * *
You barely miss the gnoll.
The gnoll is moderately wounded.
The gnoll hits you from afar with a +0 halberd.
* * * LOW HITPOINT WARNING * * *
The gnoll closely misses you.
You hit the gnoll.
The gnoll is heavily wounded.
The gnoll hits you from afar with a +0 halberd!
You die...

.#.#.#######.#$#.#.#
##...........#.#.#.# #
###..........).(..#.###
#########...#...#....
.g..................
#...###...#...#... #...
#..?#().#
#...###...#.g.######
#.........#@..†)...#
###..g....#.#.#........
#.......g...#..#.....
#....##.#.#.#..# ....
##.#........#... ...
#+#.##.#.#.#.### ..
...##.#.#.#.. .
$...##.#.#.##.
....##.#....


You could see 2 gnolls.

Vanquished Creatures
  2 dart slugs (D:1)
  3 endoplasms (D:1)
  A giant cockroach (D:1)
  4 hobgoblins
  3 kobolds (D:2)
  A quokka (D:1)
  6 ball pythons
  A bat (D:1)
  A frilled lizard (D:1)
  4 rats (D:1)
26 creatures vanquished.

Notes
Turn   | Place    | Note
-------+----------+-------------------------------------------
     0 | D:1      | Firecrotchwizard the Minotaur Berserker began the quest for
                  | the Orb.
     0 | D:1      | Reached XP level 1. HP: 19/19 MP: 0/0
    89 | D:1      | Reached XP level 2. HP: 22/27 MP: 1/1
   826 | D:2      | Reached XP level 3. HP: 31/33 MP: 2/2
   877 | D:2      | HP: 1/33 [gnoll/+0 halberd (6)]
   878 | D:2      | Mangled by a gnoll

Illustrated notes

Levels and vault maps discovered:
D:1:      minmay_arrival_four_houses, layout_basic,
          ebering_dispersal_statue_hall
D:2:      layout_basic, serial_shops, shop

Skill      XL: |  1  2 |
---------------+-------+-----
Axes           | 4 |  4.7
Fighting       | 4 |  4.1
Armour         | |  2.4
Dodging        | |  2.1

Action                     || total
---------------------------++-------
  Melee: Hand axe          ||    52
         Headbutt          ||     4
         Punch             ||     2
  Throw: Dart              ||     2
   Stab: Sleeping          ||     1
         Invisible         ||     1
 Armour: Animal skin       ||     3
  Dodge: Dodged            ||    33
